 Dungeon Crawl Stone Soup version 0.23.2-11-gf996548c65 (webtiles) character file.

Game seed: 15467645675027496661

432 MalarOregon the Ruffian (level 7, 0/60 HPs)
             Began as a Ghoul Gladiator on June 4, 2019.
             Slain by a quokka (2 damage)
             ... on level 4 of the Dungeon.
             The game lasted 00:08:18 (3292 turns).

MalarOregon the Ruffian (Ghoul Gladiator)           Turns: 3292, Time: 00:08:19

Health: 0/60       AC:  6    Str: 18    XL:     7   Next: 0%
Magic:  6/6        EV: 13    Int:  3    God:
Gold:   145        SH:  0    Dex: 12    Spells: 6/6 levels left

rFire    . . .     SeeInvis +   w - +0 blowgun
rCold    + + .     Gourm    .   (no shield)
rNeg     + + +     Faith    .   a - +0 leather armour
rPois    ∞         Spirit   .   b - +1 helmet
rElec    .         Reflect  .   n - +0 cloak
rCorr    .         Harm     .   (no gloves)
MR       .....                  (no boots)
Stlth    +.........             (no amulet)
HPRegen  0.00/turn              o - ring of protection from cold
MPRegen  0.10/turn              z - ring of see invisible

@: rotting
A: rotting body, claws 1, carnivore, cold resistance 1, negative energy
resistance 3, inhibited regeneration, torment resistance, unbreathing
a: no special abilities


You were on level 4 of the Dungeon.
You were not hungry.

You visited 1 branch of the dungeon, and saw 4 of its levels.

You collected 145 gold pieces.

Inventory:

Hand Weapons
 g - the cursed +0 dagger "Koteps" {pain, rC+ MR+ Str+4, unknown}
   (You found it on level 4 of the Dungeon)

   In the hands of one skilled in necromantic magic, it inflicts extra damage on
   living creatures.
   It affects your strength (+4).
   It protects you from cold.
   It affects your resistance to hostile enchantments.
   It has a curse placed upon it.
 w - a +0 blowgun (weapon)
   (You took it off a kobold on level 3 of the Dungeon)
Missiles
 c - 4 throwing nets {!f}
 u - 15 poisoned needles (quivered)
Armour
 a - a +0 leather armour (worn)
 b - a +1 helmet (worn)
 n - a +0 cloak (worn)
   (You found it on level 2 of the Dungeon)
Jewellery
 o - a ring of protection from cold (left claw)
   (You found it on level 2 of the Dungeon)
 z - a ring of see invisible (right claw)
   (You found it on level 3 of the Dungeon)
Wands
 d - a wand of iceblast (11)
   (You found it on level 3 of the Dungeon)
Scrolls
 f - 3 scrolls of remove curse {@r2}
Potions
 h - a potion of curing {unknown}
 k - a potion of agility {unknown}
 m - a potion of heal wounds {@q2}
 q - 2 potions of haste {unknown}
 s - a potion of brilliance
Comestibles
 e - 8 rations {!d}


   Skills:
 + Level 4.4 Fighting
 + Level 3.5 Throwing
 + Level 4.1 Dodging
 + Level 5.0 Unarmed Combat


You had 6 spell levels left.
You didn't know any spells.
Your spell library was empty.

Dungeon Overview and Level Annotations

Branches:
Dungeon (4/15)             Temple (0/1) D:4

Altars:


Innate Abilities, Weirdness & Mutations

Your body is rotting away.
You thrive on raw meat.
You are immune to poison.
You have sharp fingernails.
You are carnivorous and can eat meat at any time.
Your flesh is cold resistant. (rC+)
You are immune to negative energy. (rN+++)
You do not regenerate when monsters are visible.
You are immune to unholy pain and torment.
You can survive without breathing.


Message History

The orc priest looks even sicker.
The leopard gecko bites you but does no damage.
The orc priest hits you with a +2 falchion of electrocution.
The leopard gecko closely misses you.
The orc priest mumbles some strange prayers to Beogh against you.
Beogh smites you!
* * * LOW HITPOINT WARNING * * *
The leopard gecko bites you but does no damage.
The quokka bites you.
* * * LOW HITPOINT WARNING * * *
The orc priest miscasts a cantrip.
The leopard gecko completely misses you.
Okay, then.
Firing (i - inventory. (/) - cycle)
u - 20 poisoned needles (quivered)
Aim: an orc priest, wielding a +2 falchion of electrocution and wearing a cursed +0 chain mail (heavily wounded, poisoned)
You shoot a poisoned needle.
The poisoned needle completely misses the leopard gecko.
The poisoned needle closely misses the orc priest.
The leopard gecko closely misses you.
Firing (i - inventory. (/) - cycle)
u - 19 poisoned needles (quivered)
Aim: an orc priest, wielding a +2 falchion of electrocution and wearing a cursed +0 chain mail (heavily wounded, poisoned)
You shoot a poisoned needle.
The poisoned needle barely misses the leopard gecko.
The poisoned needle barely misses the orc priest.
The quokka barely misses you. The leopard gecko misses you.
Firing (i - inventory. (/) - cycle)
u - 18 poisoned needles (quivered)
Aim: an orc priest, wielding a +2 falchion of electrocution and wearing a cursed +0 chain mail (heavily wounded, poisoned)
You shoot a poisoned needle.
The poisoned needle hits the leopard gecko!
The leopard gecko is poisoned.
The quokka closely misses you. The leopard gecko misses you.
Firing (i - inventory. (/) - cycle)
u - 17 poisoned needles (quivered)
Aim: an orc priest, wielding a +2 falchion of electrocution and wearing a cursed +0 chain mail (heavily wounded, poisoned)
You shoot a poisoned needle.
The poisoned needle hits the leopard gecko.
The leopard gecko looks even sicker.
The quokka closely misses you. The leopard gecko misses you.
Firing (i - inventory. (/) - cycle)
u - 16 poisoned needles (quivered)
Aim: an orc priest, wielding a +2 falchion of electrocution and wearing a cursed +0 chain mail (heavily wounded, poisoned)
You shoot a poisoned needle.
The poisoned needle misses the leopard gecko.
The poisoned needle hits the orc priest.
The orc priest looks even sicker.
You kill the leopard gecko!
You have reached level 7!
The orc priest invokes the aid of Beogh against you.
Beogh smites you!
* * * LOW HITPOINT WARNING * * *
The quokka bites you.
You die...

....#.# ..>#.# ..#.####.
#o....... +........
####.(......
##.(.........
#####............
#########..@(o....###.###
#...........r...### .#
#.#############.# . #.#
#.# . #.# #.# #.# #.# #.#
##.## #.# #...# #.# #.#.#


You could see an orc priest and a quokka.

Vanquished Creatures
  An ogre (D:2)
  2 orc wizards
  An orc priest (D:3)
  A hound (D:4)
  Jessica (D:2)
  Terence (D:2)
  6 gnolls
  2 oozes (D:2)
  An adder zombie (D:4)
  6 worms
  2 dart slugs
  3 leopard geckos
  9 orcs
  8 bats
  A giant cockroach (D:1)
  17 goblins
  6 hobgoblins
  5 jackals
  A ball python (D:1)
  A ball python skeleton (D:4)
  6 frilled lizards
  6 kobolds
  8 rats
95 creatures vanquished.

Notes
Turn   | Place    | Note
-------+----------+-------------------------------------------
     0 | D:1      | MalarOregon the Ghoul Gladiator began the quest for the
                  | Orb.
     0 | D:1      | Reached XP level 1. HP: 17/17 MP: 0/0
    80 | D:1      | Reached XP level 2. HP: 14/25 MP: 1/1
   743 | D:1      | Reached XP level 3. HP: 21/30 MP: 2/2
  1424 | D:2      | Noticed Terence
  1537 | D:2      | Reached XP level 4. HP: 35/38 MP: 3/3
  1751 | D:2      | Noticed an ogre
  1773 | D:2      | Killed an ogre
  1773 | D:2      | Reached skill level 4 in Unarmed Combat
  1773 | D:2      | Reached XP level 5. HP: 45/45 MP: 4/4
  2239 | D:2      | Noticed Jessica
  2249 | D:2      | Killed Jessica
  2356 | D:2      | Killed Terence
  2356 | D:2      | Reached XP level 6. HP: 37/52 MP: 5/5
  2962 | D:4      | Got a shimmering dagger
  3148 | D:4      | Reached skill level 5 in Unarmed Combat
  3272 | D:4      | Found a staircase to the Ecumenical Temple.
  3292 | D:4      | Reached XP level 7. HP: 16/60 MP: 6/6
  3292 | D:4      | HP: 2/60 [orc priest/divine providence (14)]
  3292 | D:4      | Slain by a quokka

Skill      XL: |  1  2  3  4  5  6 |
---------------+-------------------+-----
Throwing       | 2 3 |  3.5
Dodging        | 3 4 |  4.1
Fighting       | 3 4 |  4.4
Unarmed Combat | 4 5 |  5.0

Action                   |  1- 3 |  4- 6 |  7- 9 || total
-------------------------+-------+-------+-------++-------
Melee: Unarmed           |   132 |   159 |       ||   291
       Punch             |     3 |     3 |       ||     6
       Dagger            |       |    19 |       ||    19
 Fire: Blowgun           |       |     8 |       ||     8
  Use: Scroll            |       |    11 |       ||    11
  Eat: Chunk             |    11 |    15 |       ||    26
Armor: Leather armour    |    42 |    36 |       ||    78
Dodge: Dodged            |    93 |    81 |       ||   174
